 Dungeon Crawl Stone Soup version 0.29.1-15-g9cfb28693d (webtiles) character file.

Game seed: 12834597617258583538

38270 manyhoops the Imperceptible (level 14, -2/110 HPs)
             Began as an Octopode Transmuter on Apr 9, 2023.
             Was an Initiate of Gozag.
             Slain by a yak (6 damage)
             ... while petrified by a basilisk
             ... on level 5 of the Lair of Beasts.
             The game lasted 00:26:37 (20031 turns).

manyhoops the Imperceptible (Octopode Transmuter)  Turns: 20031, Time: 00:26:37

Health: -2/110     AC:  0    Str: 26    XL:     14   Next: 1%
Magic:  23/27      EV:  1    Int: 20    God:    Gozag
Gold:   1704       SH:  0    Dex: 18    Spells: 5/21 levels left

rFire   x . .      SeeInvis .     - Unarmed
rCold   + + +      Faith    .   (shield currently unavailable)
rNeg    + + +      Spirit   .   (helmet currently unavailable)
rPois   ∞          Reflect  +   j - amulet of reflection
rElec   .          Harm     .   g - ring of wizardry
rCorr   +          Rampage  .   q - +4 ring of slaying
Will    +....                   w - +6 ring of strength
Stlth   ++++++++..              D - +6 ring of strength
HPRegen 0.28/turn               y - ring of wizardry
MPRegen 0.20/turn               G - +6 ring of dexterity
                                I - ring of resist corrosion
                                O - ring "Jetuir" {rC+ MP+9 Str+2 Slay+2}

@: ice-form, petrified, corroded, gold aura, studying Stealth
A: freezing attack, boosted hp, almost no armour, amphibious, 8 rings, large,
(camouflage 1), (gelatinous body 1), (nimble swimmer 1), (tentacles), clever 1,
low MP 1
a: End Transformation, Renounce Religion, Potion Petition, Call Merchant, Bribe
Branch


You were on level 5 of the Lair of Beasts.
You worshipped Gozag.
Gozag was most pleased with you.
You were a creature of crystalline ice.
You visited 3 branches of the dungeon, and saw 18 of its levels.
You also visited: Sewer.

You collected 3185 gold pieces.
You spent 512 gold pieces at shops.
You paid 969 gold pieces to Gozag.

Inventory:

Missiles
 p - 4 throwing nets
Magical Staves
 H - a staff of cold (melded)
Jewellery
 g - a ring of wizardry (left front paw)
 j - an amulet of reflection (around neck)
 q - a +4 ring of slaying (right front paw)
 w - a +6 ring of strength (on tentacle)
 y - a ring of wizardry (on tentacle)
 D - a +6 ring of strength (on tentacle)
 G - a +6 ring of dexterity (on tentacle)
 I - a ring of resist corrosion (on tentacle)
 L - an amulet of regeneration
 O - the ring "Jetuir" (on tentacle) {rC+ MP+9 Str+2 Slay+2}
   (You bought it in a shop on level 2 of the Lair of Beasts)

   [ring of magical power]

   Str:       It affects your strength (+2).
   Slay:      It affects your accuracy & damage with ranged weapons and melee
   (+2).
   rC:        It protects you from cold.
   MP:        It affects your magic capacity (+9).
Wands
 a - a wand of charming (13)
 E - a wand of digging (2)
 F - a wand of roots (28)
 M - a wand of polymorph (7)
 P - a wand of acid (16)
 Q - a wand of flame (3)
Scrolls
 c - 12 scrolls of noise
 d - 3 scrolls of poison
 f - 8 scrolls of teleportation
 h - 5 scrolls of magic mapping
 i - 3 scrolls of butterflies
 n - 6 scrolls of vulnerability
 o - 2 scrolls of immolation
 t - 2 scrolls of torment
 u - 5 scrolls of enchant armour
 x - 4 scrolls of fear
 A - a scroll of silence
 J - 3 scrolls of amnesia
 N - a scroll of summoning
 U - a scroll of identify
Potions
 b - 3 potions of attraction
 e - 2 potions of invisibility
 k - 5 potions of flight
 l - 10 potions of curing
 m - 3 potions of brilliance
 r - 7 potions of mutation
 s - 3 potions of lignification
 v - 2 potions of might
 z - 3 potions of haste
 B - 2 potions of cancellation
 C - a potion of magic
 K - 2 potions of resistance
 S - 4 potions of ambrosia
 T - a potion of heal wounds
Miscellaneous
 R - a lightning rod (4/4)


   Skills:
 - Level 7.3 Fighting
 - Level 2.0 Dodging
 + Level 22.1 Stealth
 - Level 13.8 Unarmed Combat
 - Level 4.4 Spellcasting
 - Level 4.0 Transmutations
 - Level 6.3 Ice Magic
 - Level 9.6 Evocations


You had 5 spell levels left.
You knew the following spells:

 Your Spells              Type           Power      Damage    Failure   Level
a - Beastly Appendage     Tmut           40%        N/A       1%          1
b - Wereblood             Tmut           20%        N/A       1%          2
c - Ice Form              Ice/Tmut       25%        N/A       4%          4
d - Ensorcelled Hibernat  Hex/Ice        34%        N/A       1%          2
e - Blink                 Tloc           8%         N/A       5%          2
f - Passwall              Tmut/Erth      10%        N/A       2%          2
g - Frozen Ramparts       Ice            58%        1d9       1%          3

Your spell library contained the following spells:

 Spells                   Type           Power      Damage    Failure   Level
 Sandblast                Erth           8%         2d5       3%          1
 Summon Small Mammal      Summ           16%        N/A       3%          1
 Spider Form              Tmut/Pois      12%        N/A       4%          3
 Poisonous Vapours        Pois/Air       8%         N/A       5%          2
 Static Discharge         Conj/Air       4%         3-4/arc   5%          2
 Summon Ice Beast         Ice/Summ       17%        N/A       9%          4
 Call Canine Familiar     Summ           4%         N/A       11%         3
 Gell's Gravitas          Tloc           4%         N/A       11%         3
 Lesser Beckoning         Tloc           4%         N/A       11%         3
 Stone Arrow              Conj/Erth      8%         3d7       11%         3
 Summon Guardian Golem    Hex/Summ       4%         N/A       11%         3
 Teleport Other           Tloc           4%         N/A       11%         3
 Anguish                  Hex/Necr       2%         N/A       30%         4
 Dispel Undead            Necr           4%         3d7       30%         4
 Fulminant Prism          Conj/Hex       2%         3d6       30%         4
 Iskenderun's Mystic Bla  Conj/Tloc      4%         2d3       30%         4
 Sticky Flame             Conj/Fire      4%         2d3       30%         4
 Freezing Cloud           Conj/Ice/Air   6%         6-21      34%         5
 Lee's Rapid Deconstruct  Erth           2%         3d5*      61%         5
 Lightning Bolt           Conj/Air       2%         1d13      61%         5
 Manifold Assault         Tloc           4%         N/A       61%         5
 Borgnjor's Revivificati  Necr           2%         N/A       100%        8
 Lehudib's Crystal Spear  Conj/Erth      2%         10d2      100%        8
 Maxwell's Capacitive Co  Air            2%         ∞         100%        8
 Necromutation            Tmut/Necr      6%         N/A       100%        8
 Death's Door             Necr           2%         N/A       100%        9
 Polar Vortex             Ice            14%        N/A       100%        9
 Animate Armour           Summ/Erth      Unusable   N/A       N/A         4
 Corpse Rot               Necr/Pois/Air  Unusable   N/A       N/A         4
 Simulacrum               Ice/Necr       Unusable   N/A       N/A         6

Dungeon Overview and Level Annotations

Branches:
Dungeon (12/15)            Temple (1/1) D:7            Lair (5/5) D:8
  Swamp (0/4) Lair:3        Snake (0/4) Lair:2          Orc (0/2) D:9
  Sewer (visited)
  Slime: Lair:4-5

Altars:
Ashenzari
Cheibriados
Dithmenos
Elyvilon
Fedhas
Gozag
Hepliaklqana
Kikubaaqudgha
Makhleb
Nemelex Xobeh
Okawaru
Qazlal
Ru
Sif Muna
Trog
Uskayaw
Vehumet
Wu Jian
Xom
Yredelemnul
Zin
The Shining One

Shops:
D:8 (   D:10 (   Lair:2 =

Annotations:
D:5 1 runed translucent door


Innate Abilities, Weirdness & Mutations

You are a creature of crystalline ice.
You have a powerful freezing melee attack.
Your maximum health is increased.
You are immune to poison.
Your armour is entirely melded.
You are incapable of wielding weapons or throwing items.
You cannot wear most types of armour.
You are amphibious.
You can wear up to eight rings at the same time.
((Your skin changes colour to match your surroundings (Stealth+).))
((Your rubbery body absorbs attacks. (AC +1, EV +1)))
((You are camouflaged when in or above water. (Stealth+)))
((You have tentacles for arms and can constrict up to eight enemies at once.))
Your mind is acute. (Int +4, Str/Dex -1)
Your magical capacity is low. (-10% MP)


Message History

The wall freezes the yak!
The cane toad is distracted by your dazzling golden aura.
The wall freezes the goliath frog.
The goliath frog seems to slow down.
The goliath frog hits you from afar! The acid corrodes you!
You are splashed with acid.
You resist.
Your limbs are stiffening.
The cane toad gives a loud, deep croak!
You hit the yak. You freeze the yak.
The yak is moderately wounded.
The wall freezes the yak.
The yak gores you!!
The wall freezes the yak!
The wall freezes the goliath frog!
The goliath frog hits you from afar.
You are splashed with acid.
You resist.
You have turned to stone.
The frozen ramparts melt away.
The cane toad is no longer distracted by gold.
The cane toad is distracted by your dazzling golden aura.
The yak is distracted by your dazzling golden aura.
The cane toad is distracted by your dazzling golden aura.
The blink frog is no longer distracted by gold.
The cane toad is no longer distracted by gold.
The yak is no longer distracted by gold.
The goliath frog hits you from afar!
You are splashed with acid.
You resist.
The blink frog blinks!
The yak bellows!
The cane toad croaks.
The goliath frog hits you from afar!!
* * * LOW HITPOINT WARNING * * *
You are splashed with acid.
You resist.
* * * LOW HITPOINT WARNING * * *
The blink frog gives a loud, deep croak!
The yak is no longer distracted by gold.
The yak gores you!
* * * LOW HITPOINT WARNING * * *
The goliath frog hits you from afar!!
* * * LOW HITPOINT WARNING * * *
You are splashed with acid.
You resist.
* * * LOW HITPOINT WARNING * * *
Your primal bloodlust has ended.
The cane toad is no longer distracted by gold.
The yak gores you!
You die...
Your body crumbles into a pile of gold.

........####~....................
......Y..........................
.......F.........................
..........F......................
......^.....F..!.................
..............Y.$.....###..###...
..........#..FYF##.....###.# ##..
#P##.... #...##Y##....#.##.# #...
.....##.#.#Y#....#..#..##... ...P
#....##...## .....P...
...........#.#..# ......... ...
###......#..## ..#...(. ...
#.....##...# #####...
#..P.####..## ### #... #####
#....###.####...
#.#....P..###.....
.......Fl..........


You could see a goliath frog (slow), 3 yaks, 2 cane toads and a blink frog.

Vanquished Creatures
  6 hydras
  A centaur warrior (D:11)
  3 two-headed ogres
  Amaemon (Lair:2)
  Pikel (D:5)
  An ugly thing (D:11)
  A manticore (D:11)
  A cyclops (D:11)
  5 elephants (Lair:4)
  A black mamba (Lair:2)
  12 cane toads
  7 komodo dragons
  3 rime drakes
  An orange demon (Lair:2)
  A torpor snail (Lair:5)
  An unseen horror (D:10)
  A demonic crawler (Lair:4)
  5 trolls (D:11)
  2 polar bears (Lair:2)
  3 hornets
  9 blink frogs
  A shadow (D:5)
  4 wraiths
  Sigmund (D:6)
  2 basilisks
  A water elemental (D:11)
  52 yaks
  3 wyverns
  A steam dragon (D:9)
  9 vampire mosquitoes
  3 swamp worms (Lair:4)
  2 nagas (Lair:2)
  An acid dragon (D:11)
  14 water moccasins
  2 orc warriors
  A sky beast (D:8)
  An ice beast (D:6)
  2 black bears (D:6)
  3 centaurs
  4 lemures
  A phantom (D:7)
  A kobold brigand (D:10)
  23 bullfrogs
  A necrophage (D:5)
  5 scorpions
  14 killer bees
  9 howler monkeys
  2 electric eels (D:11)
  A gnoll bouda (D:7)
  A hound (D:6)
  3 orc priests
  2 jellies
  5 iguanas
  Natasha (thrice) (D:4)
  9 orc wizards
  12 adders
  8 gnolls
  6 river rats
  2 white imps
  5 ufetubi
  2 worms (D:2)
  A dart slug (D:1)
  48 orcs
  6 ball pythons
  2 bats
  6 endoplasms
  4 giant cockroaches
  5 goblins
  7 hobgoblins
  6 jackals (D:5)
  11 kobolds
  6 quokkas
  10 frilled lizards
  12 rats
  2 plants (D:8)
414 creatures vanquished.

Vanquished Creatures (others)
  34 fungi
  118 plants
152 creatures vanquished.

Grand Total: 566 creatures vanquished

Notes
Turn   | Place    | Note
-------+----------+-------------------------------------------
     0 | D:1      | manyhoops the Octopode Transmuter began the quest for the
                  | Orb.
     0 | D:1      | Reached XP level 1. HP: 13/13 MP: 3/3
   368 | D:1      | Reached XP level 2. HP: 14/18 MP: 3/5
   611 | D:1      | Reached skill level 1 in Stealth
   620 | D:1      | Found a faded altar of an unknown god.
   859 | D:1      | Learned a level 2 spell: Wereblood
   991 | D:1      | Reached skill level 2 in Stealth
  1048 | D:1      | Reached XP level 3. HP: 14/23 MP: 2/6
  1473 | D:1      | Reached skill level 3 in Stealth
  2013 | D:2      | Reached skill level 4 in Stealth
  2037 | D:2      | Reached XP level 4. HP: 17/28 MP: 5/7
  2169 | D:2      | Learned a level 2 spell: Ensorcelled Hibernation
  2764 | D:3      | Found a sparkling altar of Nemelex Xobeh.
  3120 | D:3      | Gained mutation: Your magical capacity is low. (-10% MP)
                  | [potion of mutation]
  3120 | D:3      | Gained mutation: Your mind is acute. (Int +4, Str/Dex -1)
                  | [potion of mutation]
  3240 | D:4      | Found a glowing drain.
  3281 | Sewer    | Entered a sewer
  3308 | Sewer    | Reached XP level 5. HP: 33/33 MP: 5/7
  3676 | Sewer    | Reached skill level 5 in Unarmed Combat
  4017 | D:4      | Reached XP level 6. HP: 33/38 MP: 5/8
  4274 | D:4      | Identified the +3 leather armour of Monotheism {rPois}
  4513 | D:4      | Noticed Natasha
  4517 | D:4      | Killed Natasha
  4714 | D:4      | Noticed Natasha
  4719 | D:4      | Killed Natasha
  4791 | D:4      | Reached XP level 7. HP: 40/45 MP: 9/9
  5026 | D:4      | Noticed Natasha
  5033 | D:4      | Killed Natasha
  5039 | D:4      | Learned a level 4 spell: Ice Form
  5094 | D:5      | Entered Level 5 of the Dungeon
  5094 | D:5      | Found a broken altar of Ashenzari.
  5104 | D:5      | Noticed Pikel
  5477 | D:5      | Killed Pikel
  5478 | D:5      | Reached XP level 8. HP: 51/51 MP: 6/9
  5637 | D:5      | Noticed a shadow
  5660 | D:5      | Killed a shadow
  6070 | D:5      | Found a runed translucent door.
  6071 | D:5      | Found a basalt altar of Yredelemnul.
  6101 | D:5      | Identified the +4 spear "Ceajom" {vorpal, rC+ rCorr Int+3}
  6302 | D:5      | Learned a level 2 spell: Blink
  6305 | D:5      | Learned a level 2 spell: Passwall
  6832 | D:6      | Reached XP level 9. HP: 57/57 MP: 9/14
  7101 | D:6      | Noticed Sigmund
  7110 | D:6      | Killed Sigmund
  7480 | D:7      | Found a staircase to the Ecumenical Temple.
  8184 | Temple   | Entered the Ecumenical Temple
  8859 | D:8      | Noticed a hornet
  8875 | D:8      | Killed a hornet
  8876 | D:8      | Reached skill level 5 in Fighting
  8876 | D:8      | Reached skill level 10 in Unarmed Combat
  8881 | D:8      | Reached XP level 10. HP: 66/66 MP: 11/15
  8989 | D:8      | Found a staircase to the Lair.
  9118 | D:8      | Found a sacrificial altar of Ru.
  9172 | D:8      | Found Suplorom's Antique Weapon Boutique.
  9263 | D:8      | Found a shimmering altar of Xom.
  9284 | D:8      | Identified the +7 whip of Vedimen {vorpal, +Blink rN+
                  | Str+3}
  9424 | D:8      | Found an iron altar of Okawaru.
  9758 | D:9      | Found a staircase to the Orcish Mines.
  9933 | D:9      | Found a blossoming altar of Fedhas.
 10205 | D:10     | Entered Level 10 of the Dungeon
 10576 | D:10     | Found Plog's Antique Weapon Shoppe.
 10734 | D:10     | Found an opulent altar of Gozag.
 10749 | D:10     | Reached XP level 11. HP: 74/74 MP: 10/15
 10773 | D:10     | Became a worshipper of Gozag Ym Sagoz the Greedy
 10915 | D:10     | Learned a level 3 spell: Frozen Ramparts
 11233 | D:10     | Noticed a four-headed hydra
 11237 | D:10     | Killed a four-headed hydra
 11238 | D:10     | Reached skill level 5 in Ice Magic
 11450 | D:10     | Noticed a two-headed ogre
 11458 | D:10     | Killed a two-headed ogre
 11703 | D:11     | Noticed a cyclops
 11709 | D:11     | Killed a cyclops
 11710 | D:11     | Reached skill level 5 in Stealth
 11711 | D:11     | Reached skill level 6 in Stealth
 11718 | D:11     | Noticed a two-headed ogre
 11721 | D:11     | Noticed a six-headed hydra
 11723 | D:11     | Noticed a two-headed ogre
 11728 | D:11     | Killed a two-headed ogre
 11729 | D:11     | Reached skill level 7 in Stealth
 11739 | D:11     | Killed a two-headed ogre
 11740 | D:11     | Reached skill level 8 in Stealth
 11749 | D:11     | Reached skill level 9 in Stealth
 12081 | D:11     | Killed a six-headed hydra
 12082 | D:11     | Reached skill level 10 in Stealth
 12186 | D:11     | Noticed a manticore
 12196 | D:11     | Killed a manticore
 12197 | D:11     | Reached skill level 11 in Stealth
 12320 | D:11     | Noticed a six-headed hydra
 12330 | D:11     | Killed a six-headed hydra
 12331 | D:11     | Reached skill level 12 in Stealth
 12331 | D:11     | Reached XP level 12. HP: 80/80 MP: 8/16
 12606 | D:11     | Identified the +2 helmet of Failure {Dex+3 Stlth+}
 12631 | D:11     | Reached skill level 13 in Stealth
 12754 | D:11     | Identified the +7 whip of manyhoops's Anguish {pain,
                  | +Blink}
 12763 | D:11     | Found a white marble altar of Elyvilon.
 12998 | D:11     | Noticed a centaur warrior
 13006 | D:11     | Killed a centaur warrior
 13217 | D:11     | Reached skill level 14 in Stealth
 13447 | D:11     | Noticed a stone giant
 13447 | D:11     | Noticed a stone giant
 13447 | D:11     | Noticed a shock serpent
 13545 | Lair:1   | Entered Level 1 of the Lair of Beasts
 13610 | Lair:1   | Reached skill level 1 in Evocations
 13695 | Lair:1   | Found a snail-covered altar of Cheibriados.
 14278 | Lair:1   | Reached skill level 5 in Evocations
 14466 | Lair:2   | Noticed a four-headed hydra
 14550 | Lair:2   | Killed a four-headed hydra
 14726 | Lair:2   | Found a staircase to the Snake Pit.
 15117 | Lair:2   | Found an iron altar of Okawaru.
 15171 | Lair:2   | Reached XP level 13. HP: 85/85 MP: 12/17
 15401 | Lair:2   | Bought the ring "Jetuir" {rC+ MP+9 Str+2 Slay+2} for 512
                  | gold pieces
 15488 | Lair:2   | Noticed Amaemon
 15542 | Lair:2   | Killed Amaemon
 16114 | Lair:3   | Found a staircase to the Swamp.
 16349 | Lair:3   | Identified the +2 long sword "Laura" {elec, +Blink}
 17406 | Lair:4   | Reached skill level 15 in Stealth
 17794 | Lair:4   | Reached skill level 16 in Stealth
 18009 | Lair:4   | Reached skill level 17 in Stealth
 18455 | Lair:4   | Reached skill level 18 in Stealth
 19051 | Lair:5   | Entered Level 5 of the Lair of Beasts
 19114 | Lair:5   | Reached skill level 19 in Stealth
 19401 | Lair:5   | Reached skill level 20 in Stealth
 19553 | Lair:5   | Reached skill level 21 in Stealth
 20021 | Lair:5   | Reached XP level 14. HP: 92/92 MP: 18/18
 20024 | Lair:5   | Reached skill level 22 in Stealth
 20030 | Lair:5   | HP: 4/110 [acid (2)]
 20031 | Lair:5   | Slain by a yak

Illustrated notes

Levels and vault maps discovered:
D:1:      saegor_arrival_miasma, layout_loops_corners,
          dreamdust_ecumenical_altar_grove, corner_web_ring, minmay_tromino_v7
D:2:      layout_basic
D:3:      layout_basic, nemelex_diamond_rough_becter, chequers_mini_garden,
          minivault_5
D:4:      layout_basic, portal_sewer_entry_a,
          nicolae_concentric_dashed_squares_wild, uniq_natasha
D:5:      cheibrodos_helix_gallery, layout_rooms,
          mainiacjoe_overflow_concentric_impassable, dk_yredelemnul_ordeal,
          minmay_misc_feat_x, uniq_pikel
D:6:      layout_gridville, minmay_misc_feat_rows, uniq_sigmund
D:7:      layout_basic, temple_statues
D:8:      cheibrodos_iron_armory, layout_rooms, pf_just_have_faith,
          nicolae_ru_great_annihilating_truth, brannock_xom_greatest_gift,
          grunt_lair_entry_orc_guard_hut, serial_shops, shop
D:9:      layout_cave_pools, mainiacjoe_overflow_tiny_flanked, david_orc_5
D:10:     layout_roguey, amcnicky_altar_gilded, serial_shops,
          nicolae_shop_window_shopping, kennysheep_just_a_vault
D:11:     nzn_winding_woodlands_small [nzn_winding_woodlands_5x15_split_checker,
          nzn_winding_woodlands_center_garden,
          nzn_winding_woodlands_5x15_parted], layout_loops_cross, minivault_4,
          minivault_25_ag, nicolae_elyvilon_temple_path
D:12:     layout_stronghold, nrook_pool_corridor,
          nicolae_hepliaklqana_hazy_memory, uniq_nergalle
Temple:   eino_temple_water
Lair:1:   layout_misc_corridors, basic_altar
Lair:2:   layout_gridlike, minmay_snake_entry_guardpost_small, basic_altar,
          infiniplex_staircase_pool_2, lemuel_fruit_tree, uniq_amaemon
Lair:3:   layout_long_grid, swamp_mist
Lair:4:   layout_regular_city, worms_lemuel
Lair:5:   minmay_lair_end_frog_pond, layout_regular_city,
          dpeg_slime_entry_enclosed

Skill      XL: |  1  2  3  4  5  6  7  8  9 10 11 12 13 14 |
---------------+-------------------------------------------+-----
Stealth        | 2 4 12 14 21 22 | 22.1
Unarmed Combat | 4 5 6 7 10 13 | 13.8
Fighting       | 2 3 5 6 7 |  7.3
Transmutations | 3 4 |  4.0
Ice Magic      | 3 4 6 |  6.3
Spellcasting   | 4 |  4.4
Evocations     | 9 |  9.6
Dodging        | |  2.0

Action                   |  1- 3 |  4- 6 |  7- 9 | 10-12 | 13-15 || total
-------------------------+-------+-------+-------+-------+-------++-------
Melee: Unarmed           |    69 |    87 |   156 |   288 |   178 ||   778
       Constrict         |    18 |    27 |     4 |       |     2 ||    51
       Kick              |    21 |    25 |     6 |       |       ||    52
       Tentacles         |    15 |    17 |     2 |     1 |     1 ||    36
       Punch             |       |     2 |     1 |       |     2 ||     5
       Spear             |       |       |       |     1 |     1 ||     2
       Staff             |       |       |       |       |     5 ||     5
 Cast: Beastly Appendage |    25 |    28 |     4 |       |       ||    57
       Wereblood         |     1 |     8 |     6 |    18 |     9 ||    42
       Ice Form          |       |       |    29 |    51 |    33 ||   113
       Frozen Ramparts   |       |       |       |    13 |     7 ||    20
       Ensorcelled Hiber |       |       |       |     2 |     1 ||     3
Invok: Call Merchant     |       |       |       |       |     1 ||     1
Evoke: Wand              |       |       |     1 |       |     3 ||     4
  Use: Scroll            |     3 |     4 |     8 |     9 |     5 ||    29
       Potion            |     1 |     3 |     2 |     1 |       ||     7
 Stab: Sleeping          |    10 |    19 |     6 |     7 |     8 ||    50
       Paralysed         |       |       |       |     1 |       ||     1
       Distracted        |       |       |       |     3 |     2 ||     5
Armor: Skin              |     4 |     1 |    44 |    57 |    35 ||   141
Dodge: Dodged            |    35 |    32 |    48 |   121 |    47 ||   283
Block: Other             |     2 |    16 |    29 |    38 |    22 ||   107
       Reflection        |       |     1 |     1 |       |       ||     2
